Construct Section Command Post
Selects Canadian Shock Battlegroup
Construct Field Infirmary
Selects Canadian Shock Section
Construct Platoon Command Post
Construct Platoon Command Post
Selects Incendiary Munitions
Unlock Bishop Self-propelled Artillery
Bishop Self-propelled Artillery
Unlock M3 Stuart Light Tanks
6-pounder Anti-tank Gun Team
Construct Company Command Post
Unlock M3 Grant Medium Tanks
Selects Churchill Crocodile Heavy Tank